 Dungeon Crawl Stone Soup version 0.18.1-48-g4cf74bf (webtiles) character file.

367 Alarkh the Poker (level 6, -1/44 HPs)
             Began as a Mummy Skald on July 17, 2016.
             Slain by Sigmund
             ... wielding a +0 scythe
              (8 damage)
             ... on level 4 of the Dungeon.
             The game lasted 00:06:30 (4938 turns).

Alarkh the Poker (Mummy Skald)                      Turns: 4938, Time: 00:06:31

Health: -1/44      AC:  3    Str: 15    XL:     6   Next: 41%
Magic:  7/9        EV:  6    Int: 13    God:
Gold:   157        SH:  0    Dex: 12    Spells: 4 memorised, 0 levels left

rFire  x . .     SeeInvis .     h - +0 whip (venom)
rCold  + . .     Gourm    .     t - +0 leather armour {rPois}
rNeg   + + +     Faith    .     (no shield)
rPois  ∞         Spirit   .     (no helmet)
rElec  .         Dismiss  .     (no cloak)
rCorr  .         Reflect  .     (no gloves)
SustAt .         Harm     .     (no boots)
MR     .....                    (no amulet)
Stlth  +.........               (no ring)
                                i - ring of flight

@: not resistant to hostile enchantments, very unstealthy
A: no food or potions, fire vulnerability, cold resistance 1, negative energy
resistance 3, torment resistance, unbreathing
a: Evoke Flight


You were on level 4 of the Dungeon.
You were not hungry.

You visited 1 branch of the dungeon, and saw 4 of its levels.

You collected 157 gold pieces.

Inventory:

Hand Weapons
 a - a +0 trident
 h - a +0 whip of venom (weapon)
 p - a +2 hand axe of electrocution
 r - a +0 spear
Armour
 b - a +0 leather armour
 t - a +0 leather armour of poison resistance (worn)
Jewellery
 i - a ring of flight (left hand)
 j - an uncursed amulet of rage
 l - an uncursed amulet of dismissal
Scrolls
 d - 2 scrolls of noise {unknown}
 e - a scroll of immolation {unknown}
 f - 2 scrolls of magic mapping {unknown}
 g - a scroll of teleportation
 k - a scroll of blinking {unknown}
 m - 2 scrolls of enchant weapon {unknown}
 n - a scroll of amnesia {unknown}
 s - a scroll of identify {unknown}
Books
 c - a book of Battle

   Spells                             Type                      Level
   a - Infusion                       Charms                       1
   b - Shroud of Golubria             Charms/Translocation         2
   c - Song of Slaying                Charms                       2
   d - Spectral Weapon                Hexes/Charms                 3
   e - Regeneration                   Charms/Necromancy            3
 o - a Young Poisoner's Handbook

   Spells                             Type                      Level
   a - Sting                          Conjuration/Poison           1
   b - Cure Poison                    Poison                       2
   c - Mephitic Cloud                 Conjuration/Poison/Air       3
   d - Olgreb's Toxic Radiance        Poison                       4
   e - Venom Bolt                     Conjuration/Poison           5
 q - Sif Muna's Compendium of Envenoming
   (You found it on level 3 of the Dungeon)

   Spells                             Type                      Level
   a - Sting                          Conjuration/Poison           1


   Skills:
 - Level 2.0 Fighting
 + Level 5.4 Polearms
 - Level 0.7 Armour
 - Level 0.7 Dodging
 + Level 2.2 Spellcasting
 + Level 0.7 Conjurations
 + Level 2.6 Charms


You couldn't memorise any spells.
You knew the following spells:

 Your Spells              Type           Power        Failure   Level  Hunger
a - Infusion              Chrm           #...         12%         1    N/A
b - Shroud of Golubria    Chrm/Tloc      #.........   30%         2    N/A
c - Spectral Weapon       Hex/Chrm       #.......     65%         3    N/A
d - Mephitic Cloud        Conj/Pois/Air  #.......     86%         3    N/A

Dungeon Overview and Level Annotations

Branches:
Dungeon (4/15)
 Temple: D:4-7

Altars:
Sif Muna

Annotations:
D:4 Sigmund


Innate Abilities, Weirdness & Mutations

You do not eat or drink.
Your flesh is vulnerable to fire.
You are immune to poison.
Your flesh is cold resistant.
You are immune to negative energy.
You are immune to unholy pain and torment.
You can survive without breathing.


Message History

You hit the orc.
The orc looks even sicker.
The orc is almost dead.
You kill the orc!
Sigmund hits you from afar with a scythe.
The adder bites you. The adder closely misses you.
Things that are here:
a club; a leather armour; 19 gold pieces You barely miss Sigmund.
Your spectral weapon barely misses Sigmund.
Sigmund hits you with a scythe! The adder bites you but does no damage.
You closely miss Sigmund.
Your spectral weapon misses Sigmund.
The adder closely misses you. Sigmund hits you with a scythe.
The adder bites you.
You closely miss Sigmund.
Your spectral weapon hits Sigmund.
Sigmund is poisoned.
The adder bites you. Sigmund hits you with a scythe!
* * * LOW HITPOINT WARNING * * *
The adder bites your spectral weapon.
There is a stone staircase leading up here.
Sigmund hits you from afar with a scythe!
You die...

#.......@.......#.###..........#
#.#####..####.[...##......#.##.#
#.# #..#####..#.#.####........
#(# #.......<.....# #)##.....
#.# ##.#####..###.# #)#####.#
#.# #.#####..###.# #.# #.# #.#
#......@.....# #.# #.. #.#
##########S(########.# ###
#.###...###....@.........#
#.##.....##.##..##########
#........## #..# ####.....#
..... ##...## ###.##. ## ##.##
#.# # . ##.###### #.#
#............ ####..#######


You could see Sigmund, an adder and a friendly spectral whip of venom.

Vanquished Creatures
  The ghost of Aquadorian the Vandal, an amateur HaHu (D:4)
  A scorpion (D:3)
  4 orc wizards
  3 gnolls (D:3)
  3 adders (D:3)
  An ooze (D:3)
  2 dart slugs
  2 giant geckos (D:2)
  10 orcs
  6 giant cockroaches
  5 goblins
  6 hobgoblins
  4 jackals
  4 kobolds (D:1)
  A quokka (D:2)
  A ball python (D:3)
  5 bats
  5 giant newts
  A quokka skeleton (D:4)
  10 rats
75 creatures vanquished.

Notes
Turn   | Place    | Note
--------------------------------------------------------------
     0 | D:1      | Alarkh the Mummy Skald began the quest for the Orb.
     0 | D:1      | Reached XP level 1. HP: 16/16 MP: 3/3
   113 | D:1      | Reached skill level 2 in Polearms
   171 | D:1      | Reached XP level 2. HP: 14/22 MP: 0/5
   986 | D:2      | Reached XP level 3. HP: 23/27 MP: 6/6
  1249 | D:2      | Reached skill level 3 in Polearms
  1903 | D:3      | Reached XP level 4. HP: 5/33 MP: 7/7
  1985 | D:3      | Learned a level 2 spell: Shroud of Golubria
  1989 | D:3      | Learned a level 3 spell: Spectral Weapon
  2120 | D:3      | Reached skill level 4 in Polearms
  2381 | D:3      | Reached XP level 5. HP: 22/38 MP: 8/8
  2576 | D:3      | Found a deep blue altar of Sif Muna.
  3576 | D:3      | Identified Sif Muna's Compendium of Envenoming (You found it on level 3 of the Dungeon)
  3686 | D:3      | Reached skill level 5 in Polearms
  3775 | D:4      | Noticed Sigmund
  3911 | D:3      | HP: 1/38 [orc priest/divine providence (9)]
  4247 | D:3      | Reached XP level 6. HP: 12/44 MP: 4/9
  4494 | D:3      | Learned a level 3 spell: Mephitic Cloud
  4719 | D:4      | Noticed Aquadorian's ghost (amateur HaHu)
  4739 | D:4      | Killed Aquadorian's ghost
  4938 | D:4      | Slain by Sigmund

Skill      XL: |  1  2  3  4  5 |
---------------+----------------+-----
Polearms       | 2 3 4 5 |  5.4
Fighting       | |  2.0
Armour         | |  0.7
Dodging        | |  0.7
Spellcasting   | |  2.2
Conjurations   | |  0.7
Charms         | |  2.6

Action                   |  1- 3 |  4- 6 || total
-------------------------+-------+-------++-------
Melee: Spear             |    66 |   112 ||   178
       Whip              |    75 |    43 ||   118
       Trident           |       |    13 ||    13
       Hand axe          |       |     7 ||     7
 Cast: Infusion          |     6 |    18 ||    24
       Spectral Weapon   |       |     2 ||     2
 Abil: Evoke Flight      |       |     2 ||     2
  Use: Scroll            |       |     2 ||     2
 Stab: Sleeping          |       |     1 ||     1
Armor: Leather armour    |    25 |    27 ||    52
Dodge: Dodged            |    83 |    73 ||   156
